[Event "Late-Titled-Tuesday-Blitz-June-18-2024"]
[Site "Chess.com"]
[Date "2024.06.18"]
[Round "5"]
[White "xakevicius91"]
[Black "alexrustemov"]
[Result "1-0"]
[WhiteElo "2643"]
[BlackElo "2851"]
[TimeControl "180+1"]
[EndTime "14:57:34 PDT"]
[Termination "xakevicius91 won by checkmate"]

1. e4 e6 2. d4 d5 3. Nd2 dxe4 4. Nxe4 Bd7 5. Nf3 Bc6 6. Bd3 Nd7 7. O-O Ngf6 8. Ng3 Be7 9. c4 O-O 10. Re1 Bb4 11.
Rf1 Be7 12. Re1 b6 13. Ne5 Bb7 14. a3 c5 15. Be3 cxd4 16. Bxd4 Re8 17. b4 Qc7 18.
Nxd7 Nxd7 19. Qh5 g6 20. Qh6 Bf6 21. Bxf6 Nxf6 22. Rad1 Rad8 23. Qg5 Kg7 24. a4 h6 25. Qc1 a5 26. Qb2 e5 27. c5 axb4 28. cxb6 Qxb6 29. Rxe5 Rxe5 30. Qxe5 Qxf2+ 31. Kxf2 Rd5 32. Qb2 h5 33. Ne4 Rf5+ 34. Kg1 Bxe4 35. Bxe4 Rf4 36. Bf3 g5 37. Rd4 Rf5 38. Rxb4 g4 39. Be2 Kh6 40. Rb6 Kg5 41.
Bd3 Rf4 42. Qe5+ Rf5 43. Qxf5+ Kh4 44. g3+ Kh3 45. Bf1# 1-0

[Event "Late-Titled-Tuesday-Blitz-June-18-2024"]
[Site "Chess.com"]
[Date "2024.06.18"]
[Round "5"]
[White "Nicolik"]
[Black "Seppppppy"]
[Result "0-1"]
[WhiteElo "2638"]
[BlackElo "2269"]
[TimeControl "180+1"]
[EndTime "14:57:35 PDT"]
[Termination "Seppppppy won by checkmate"]

1. d4 Nf6 2. Nc3 d5 3. Bf4 c5 4. e3 cxd4 5. exd4 a6 6. Nf3 Nc6 7.
Ne5 e6 8. Nxc6 bxc6 9. Na4 Bd6 10. Bxd6 Qxd6 11. Bd3 O-O 12. O-O e5 13. dxe5 Qxe5 14.
Re1 Qd6 15. h3 c5 16. Qf3 Bd7 17. Nc3 Bc6 18. Rad1 Rfe8 19. Qf5 d4 20. Ne2 Qd5 21. Qxd5 Bxd5 22. b3 g5 23. Ng3 a5 24. Nf5 Be6 25. Nd6 Red8 26. Nc4 a4 27. Re5 Rd5 28. Rde1 axb3 29. axb3 h6 30. Nb6 Rxe5 31. Rxe5 Ra1+ 32. Kh2 Nd7 33. Nxd7 Bxd7 34. Rxc5 Be6 35. Re5 Rd1 36. Re4 Bxb3 37. Rxd4 Bxc2 38. Bxc2 Rxd4 39. Bf5 Rf4 40. Bg4 Rxf2 41. Kg3 Ra2 42. Bf5 Ra3+ 43. Kh2 Kg7 44. Bd7 Kf6 45. Bc6 Ke5 46. Be8 f5 47. Bh5 Kf4 48. Bd1 g4 49. hxg4 fxg4 50. Be2 g3+ 51. Kh3 Ra1 52. Bf1 Rxf1 53. Kh4 Rh1# 0-1

[Event "Late-Titled-Tuesday-Blitz-June-18-2024"]
[Site "Chess.com"]
[Date "2024.06.18"]
[Round "5"]
[White "ReadySkate"]
[Black "topce"]
[Result "1-0"]
[WhiteElo "2776"]
[BlackElo "2525"]
[TimeControl "180+1"]
[EndTime "14:57:36 PDT"]
[Termination "ReadySkate won on time"]

1. d4 Nf6 2. c4 e6 3. Nc3 Bb4 4. a3 Bxc3+ 5. bxc3 d5 6. cxd5 exd5 7. e3 O-O 8. f3 b6 9. Bd3 Ba6 10. Ne2 Bxd3 11.
Qxd3 Re8 12. O-O c5 13. Ng3 c4 14. Qc2 h5 15. Re1 h4 16. Nf5 Nh7 17. e4 Nc6 18. e5 Qd7 19. Nxh4 Ne7 20. f4 Qg4 21. Qf2 Nf5 22.
Nxf5 Qxf5 23. Qf3 Rad8 24. g4 Qc2 25. f5 Nf6 26. Bg5 Ne4 27. Bxd8 Rxd8 28. Rac1 Qb2 29. Qe2 Qxa3 30. Qc2 Qb3 31. Rxe4 Qxc2 32. Rxc2 dxe4 33. Ra2 a5 34. Kf2 b5 35. Ke3 b4 36. Rxa5 Rc8 37. Kxe4 bxc3 38. Ra3 c2 39. Rc3 Kf8 40. Rxc2 Ke7 41. d5 Kd7 42. Kd4 Rb8 43. Rxc4 Rb2 44. e6+ fxe6 45. fxe6+ Kd6 46. Rc6+ Ke7 47. Rc7+ Kd8 48.
Rd7+ Ke8 49. Ke5 Rxh2 50. Kd6 Ra2 51. Rxg7 Ra6+ 52. Ke5 Kf8 53. Rb7 Ra5 54. Kf6 Kg8 55.
e7 Ra8 56. d6 1-0

[Event "Late-Titled-Tuesday-Blitz-June-18-2024"]
[Site "Chess.com"]
[Date "2024.06.18"]
[Round "5"]
[White "hoshiboshi"]
[Black "rdarruda"]
[Result "0-1"]
[WhiteElo "2230"]
[BlackElo "2561"]
[TimeControl "180+1"]
[EndTime "14:57:36 PDT"]
[Termination "rdarruda won by resignation"]

1. e4 c5 2. Nf3 Nc6 3. Bb5 g6 4. O-O Bg7 5. Re1 e5 6. Bxc6 bxc6 7. c3 Ne7 8. d4 cxd4 9. cxd4 exd4 10. Nxd4 Qb6 11.
e5 O-O 12. Nc3 Qc7 13. Bf4 Ba6 14. Qd2 Qa5 15. Nb3 Qd8 16. Rad1 Bc4 17. Nc5 Be6 18. N5e4 Nd5 19. Bg3 f5 20. Nxd5 Bxd5 21. Nd6 Bxa2 22. Ra1 Be6 23. f4 Rb8 24. Bf2 a5 25. Rxa5 Rxb2 26.
Qxb2 Qxa5 27. Ra1 Qd5 28. h3 g5 29. Be3 Qd3 30. Qf2 Rb8 31. Kh2 Qc3 32. Rc1 Qb2 33.
Bd4 Qxc1 34. fxg5 Rb1 35. Qh4 Qh1+ 36. Kg3 Qe1+ 37. Bf2 Bxe5+ 0-1

[Event "Late-Titled-Tuesday-Blitz-June-18-2024"]
[Site "Chess.com"]
[Date "2024.06.18"]
[Round "5"]
[White "Tolya2"]
[Black "InadaC"]
[Result "0-1"]
[WhiteElo "2452"]
[BlackElo "2286"]
[TimeControl "180+1"]
[EndTime "14:57:37 PDT"]
[Termination "InadaC won by checkmate"]

1. Nf3 Nf6 2. c4 e6 3. g3 d5 4.
Bg2 Be7 5. O-O O-O 6. d4 dxc4 7. Qc2 c6 8. Qxc4 Nbd7 9. Qc2 Nb6 10. Rd1 Nfd5 11.
a3 Bf6 12. e4 Nc7 13. Nc3 Re8 14.
Bf4 Na6 15. h4 Bd7 16. Rac1 Rc8 17. Qe2 Be7 18. Ne5 Bf6 19. Nxd7 Qxd7 20. b4 Nc7 21. Qa2 Rcd8 22. Be3 h5 23. Qb3 Qe7 24. Na4 Nxa4 25. Qxa4 Nb5 26. Rc4 a6 27. Qb3 Nd6 28. Rc2 e5 29. d5 cxd5 30. Rxd5 Nb5 31. Bc5 Qe6 32.
Kh2 b6 33. Bh3 Qxd5 34. exd5 bxc5 35. bxc5 Nd4 36. Qb6 Nxc2 37. Qxf6 gxf6 38. d6 Nd4 39. Bg2 e4 40. Bf1 Re5 41. Bxa6 Rxc5 42. Bb7 Nf3+ 43. Kg2 f5 44. g4 hxg4 45. Kg3 Rxd6 46. a4 Kg7 47. Kf4 Kf6 48. a5 Rxa5 49. h5 Ne5 50. Bc8 Re6 51. h6 Ra3 52. Bxe6 Rf3# 0-1

[Event "Late-Titled-Tuesday-Blitz-June-18-2024"]
[Site "Chess.com"]
[Date "2024.06.18"]
[Round "5"]
[White "newyorkmouse"]
[Black "KNVB"]
[Result "1-0"]
[WhiteElo "2598"]
[BlackElo "2780"]
[TimeControl "180+1"]
[EndTime "14:57:39 PDT"]
[Termination "newyorkmouse won by resignation"]

1. h3 e5 2. c3 Nf6 3. d4 Nc6 4. dxe5 Nxe5 5. Bf4 Ng6 6. Bh2 d5 7. e3 Bd6 8. Bxd6 Qxd6 9. Nf3 Bd7 10. Bd3 O-O-O 11.
Nbd2 Kb8 12. a4 c5 13. a5 Rhe8 14. a6 b6 15. O-O Bc6 16. Qc2 Ne5 17. Nxe5 Qxe5 18.
Rfd1 Ne4 19. Nxe4 dxe4 20. Bc4 f5 21. Rxd8+ Rxd8 22. Rd1 Rd6 23. Rd2 Kc7 24. g3 g6 25.
b4 Rxd2 26. Qxd2 Qd6 27. Qb2 Qd1+ 28. Kg2 Qd6 29. Kg1 g5 30. b5 Be8 31. Be2 Qe5 32. Qb3 Kd6 33. Qg8 h6 34. Qh7 Qf6 35.
Qxa7 Qd8 36. Qb7 Bd7 37. a7 1-0

[Event "Late-Titled-Tuesday-Blitz-June-18-2024"]
[Site "Chess.com"]
[Date "2024.06.18"]
[Round "5"]
[White "ChessSG1"]
[Black "nitpicker"]
[Result "1-0"]
[WhiteElo "2487"]
[BlackElo "2344"]
[TimeControl "180+1"]
[EndTime "14:57:39 PDT"]
[Termination "ChessSG1 won on time"]

1. c4 e5 2. g3 Nf6 3. Bg2 d5 4.
cxd5 Nxd5 5. Nc3 Nf6 6. Nf3 Nc6 7. O-O Be7 8. b4 a6 9. a3 O-O 10. Bb2 h6 11. d3 Bf5 12. Rc1 Re8 13. Na4 Bd6 14.
Nd2 Bd7 15. Nc5 Bxc5 16. bxc5 Rb8 17. Nc4 Re7 18. Bxc6 Bxc6 19. Bxe5 Qd5 20. e4 Qxc5 21. d4 Qb5 22. d5 Be8 23. Bxf6 gxf6 24. d6 cxd6 25. Nxd6 Qe5 26. Nf5 Qxe4 27. Nxe7+ Qxe7 28. Qg4+ Kh8 29. Rfe1 Qxa3 30. Qf4 Kg7 31. Qxb8 Bc6 32. Qf4 Qb3 33. Qg4+ Kf8 34. Rxc6 bxc6 35. Qc8+ Kg7 36. Qxc6 Qb4 37. Qe4 1-0

[Event "Late-Titled-Tuesday-Blitz-June-18-2024"]
[Site "Chess.com"]
[Date "2024.06.18"]
[Round "5"]
[White "matagordo"]
[Black "ManMish2"]
[Result "1-0"]
[WhiteElo "2412"]
[BlackElo "2648"]
[TimeControl "180+1"]
[EndTime "14:57:40 PDT"]
[Termination "matagordo won on time"]

1. d4 d5 2. Bf4 Nf6 3. e3 c5 4. Nf3 Nc6 5. Nbd2 Bf5 6. dxc5 e6 7. Nd4 Bxc5 8. Nxf5 exf5 9. c3 Ne4 10. Nb3 Bb6 11. Bd3 O-O 12. O-O Qf6 13. Nd4 Ne5 14. Bxe4 dxe4 15.
Qh5 g6 16. Bg5 Qd6 17. Qh4 f6 18. Bf4 Qe7 19. Qg3 Kh8 20. a4 Nd3 21. Bd6 Qd7 22. Bxf8 Rxf8 23. Nb5 a6 24. Qd6 Qxd6 25. Nxd6 Nxb2 26.
Rab1 Nxa4 27. Nc4 Bc5 28. Rxb7 Nxc3 29. Na5 Rd8 30. g3 Nd5 31. Rd1 Bb4 32. Nc6 Rc8 33. Rxd5 1-0

[Event "Late-Titled-Tuesday-Blitz-June-18-2024"]
[Site "Chess.com"]
[Date "2024.06.18"]
[Round "5"]
[White "Rawnsdale"]
[Black "miraitrunks"]
[Result "1-0"]
[WhiteElo "2464"]
[BlackElo "2165"]
[TimeControl "180+1"]
[EndTime "14:57:40 PDT"]
[Termination "Rawnsdale won by resignation"]

1. e4 c5 2. Nf3 Nc6 3. d4 cxd4 4. Nxd4 e5 5. Nb5 d6 6. c4 a6 7. N5c3 Be6 8. Nd5 g6 9. Nbc3 Bg7 10. Be2 Nge7 11. Be3 Bxd5 12. cxd5 Nb8 13. O-O Nd7 14. Rc1 O-O 15. Qd2 f5 16. f3 f4 17. Bf2 g5 18.
b4 Rf6 19. b5 axb5 20. Nxb5 Rh6 21. Nc7 Ra3 22. Ne6 Qa8 23. Rc2 g4 24. fxg4 Kf7 25.
g5 Rg6 26. Bh5 f3 27. Be3 Qa4 28. Rxf3+ Kg8 29. Bxg6 Nxg6 30. Rc8+ Ndf8 31. Qf2 Qd1+ 32. Qf1 Qxf1+ 33. Kxf1 Rxa2 34. Bb6 Ra1+ 35. Kf2 Ra2+ 36.
Kg3 Nf4 37. Nxf8 Bxf8 38. Bd8 Rxg2+ 39. Kh4 Rxh2+ 40. Kg4 Rg2+ 41. Kf5 Ng6 42. Ke6 Nf4+ 43. Kd7 Ng6 44. Be7 Nxe7 45. Rcxf8+ Kg7 46. R3f7+ Kg6 47. Kxe7 Kxg5 48. Rg8+ 1-0

[Event "Late-Titled-Tuesday-Blitz-June-18-2024"]
[Site "Chess.com"]
[Date "2024.06.18"]
[Round "5"]
[White "Slovineanu"]
[Black "dolynachess"]
[Result "0-1"]
[WhiteElo "2546"]
[BlackElo "2561"]
[TimeControl "180+1"]
[EndTime "14:57:42 PDT"]
[Termination "dolynachess won on time"]

1. d4 Nf6 2. Nf3 c5 3. d5 g6 4. Nc3 Bg7 5. e4 d6 6. Bb5+ Nfd7 7. a4 O-O 8. O-O a6 9. Bd3 Ne5 10. Nxe5 Bxe5 11. Bh6 Re8 12. Qd2 Nd7 13. Nd1 Rb8 14. a5 b5 15. axb6 Qxb6 16. c3 Bh8 17. Ra2 Ne5 18.
Ne3 Nxd3 19. Qxd3 Bd7 20. Rfa1 Bb5 21. c4 Bd7 22. Nd1 Ra8 23. Bd2 a5 24. Bc3 a4 25.
Bxh8 Kxh8 26. Nc3 Reb8 27. h3 Qb3 28. Qe2 Rb4 29. e5 Qxc4 30. Qf3 Qf4 31. Qxf4 Rxf4 32. exd6 exd6 33. f3 Rb4 34. Ne4 Ra6 35. Kf2 Kg7 36. Ke3 Rab6 37. Kd3 Rd4+ 38. Kc3 Rxd5 39. Nd2 Bf5 0-1

[Event "Late-Titled-Tuesday-Blitz-June-18-2024"]
[Site "Chess.com"]
[Date "2024.06.18"]
[Round "5"]
[White "Kavyev_Ruslan"]
[Black "enriquebutti"]
[Result "1-0"]
[WhiteElo "2389"]
[BlackElo "2099"]
[TimeControl "180+1"]
[EndTime "14:57:43 PDT"]
[Termination "Kavyev_Ruslan won by checkmate"]

1. d4 Nf6 2. c4 e6 3. g3 d5 4.
Nf3 Bb4+ 5. Bd2 Be7 6. Bg2 c6 7. O-O O-O 8. Bf4 Nbd7 9. Qc2 b6 10. Nbd2 Bb7 11. e4 Rc8 12. Rfe1 c5 13. exd5 exd5 14. Ne5 cxd4 15. Qd3 Nxe5 16. Bxe5 dxc4 17.
Qxd4 Bxg2 18. Kxg2 Bc5 19. Qxd8 Rfxd8 20. Nxc4 Bxf2 21.
Bxf6 gxf6 22. Re2 Bd4 23. Na3 Be5 24. Rf1 Rd3 25. b3 Rcd8 26. Nc4 Bc3 27. Re7 b5 28. Na3 Rd2+ 29. Kh3 b4 30. Nb5 Rxa2 31. Nxa7 Rdd2 32. Kg4 Rdb2 33. Nc6 Rxb3 34. Rf5 Rb1 35. Rb5 b3 36. Rbb7 f5+ 37. Kg5 b2 38. Rxf7 Re1 39. Rfd7 Re8 40. Ne7+ Kh8 41. Nxf5 Ra1 42. Rxh7+ Kg8 43. Nh6+ Kf8 44.
Rhf7# 1-0

[Event "Late-Titled-Tuesday-Blitz-June-18-2024"]
[Site "Chess.com"]
[Date "2024.06.18"]
[Round "5"]
[White "GiorgianBarbosa"]
[Black "slidingknight2775"]
[Result "0-1"]
[WhiteElo "2499"]
[BlackElo "2694"]
[TimeControl "180+1"]
[EndTime "14:57:44 PDT"]
[Termination "slidingknight2775 won by checkmate"]

1. d4 Nf6 2. Bf4 c5 3. e3 Nd5 4. Bg3 Qb6 5. Qc1 cxd4 6. Bc4 Nf6 7. exd4 Qxd4 8. Nd2 g6 9. Ngf3 Qb6 10. Ne5 d5 11. Bd3 Bg7 12. Ndf3 O-O 13. h4 Ne4 14. h5 Nxg3 15.
fxg3 Nc6 16. Qf4 Nxe5 17. Nxe5 Qxb2 18. hxg6 Qxa1+ 19. Kd2 Qxe5 20. gxh7+ Kh8 21. Qh4 Bf5 22. Re1 Qc3+ 23. Kd1 Qa1+ 24. Ke2 Bxd3+ 25. cxd3 Qe5+ 26. Kf1 Qf6+ 27. Qxf6 Bxf6 28. Rb1 b6 29. Rb5 e6 30. Ke2 Kxh7 31. Kf3 Kg7 32. Rb3 Rac8 33. Ra3 Rc3 34. Rxa7 Rxd3+ 35. Kg4 Kg6 36. a4 Rd4+ 37. Kf3 Bg7 38. a5 bxa5 39. Rxa5 Rc8 40. Ra3 Rdc4 41. Kf2 Rc2+ 42. Kg1 Rc1+ 43. Kh2 Rh8# 0-1

[Event "Late-Titled-Tuesday-Blitz-June-18-2024"]
[Site "Chess.com"]
[Date "2024.06.18"]
[Round "5"]
[White "kalinchick"]
[Black "maurovargas01"]
[Result "1-0"]
[WhiteElo "2377"]
[BlackElo "1955"]
[TimeControl "180+1"]
[EndTime "14:57:46 PDT"]
[Termination "kalinchick won by checkmate"]

1. d3 e5 2. Nf3 Nc6 3. e4 d6 4. Be2 f5 5. O-O Nf6 6. Nc3 g6 7. Re1 Bg7 8. Bf1 O-O 9. Nd5 h6 10. c3 Nxd5 11. exd5 Ne7 12. Qb3 g5 13. g3 f4 14. Nd2 Qe8 15. Ne4 fxg3 16. hxg3 Qh5 17.
Bg2 Bh3 18. Be3 b6 19. Qd1 g4 20. Bh1 Nf5 21. Qd2 Rf7 22. a4 Raf8 23. Re2 Ne7 24. c4 Nf5 25. a5 Nxe3 26. Qxe3 Rf3 27. Qd2 Qf5 28. axb6 axb6 29. Ra7 Rf7 30. b4 Kh7 31. c5 Bf6 32. Nxd6 Qxd3 33. Qxd3+ Rxd3 34. Nxf7 Rd1+ 35. Kh2 Kg6 36. Rxc7 Bg5 37. Nxe5+ Kf6 38. Rf7# 1-0

[Event "Late-Titled-Tuesday-Blitz-June-18-2024"]
[Site "Chess.com"]
[Date "2024.06.18"]
[Round "5"]
[White "Sic_Transit_GM"]
[Black "Freeeeeeeeeeeeeeeeee"]
[Result "1-0"]
[WhiteElo "2530"]
[BlackElo "1881"]
[TimeControl "180+1"]
[EndTime "14:57:48 PDT"]
[Termination "Sic_Transit_GM won on time"]

1. Nf3 Nf6 2. c4 e6 3. e3 g6 4. b3 Bg7 5. Bb2 O-O 6. Nc3 d5 7. Be2 Nc6 8. d4 b6 9. O-O Bb7 10. Rc1 Qe7 11. Nb5 Rfc8 12. Ba3 Nb4 13. Qd2 a5 14. Ne5 Ne4 15. Qb2 c6 16. Nc3 Bxe5 17. dxe5 Nxc3 18. Rxc3 c5 19. Rcc1 dxc4 20. Bxc4 Bd5 21.
Bb5 Bc6 22. Be2 Qg5 23. g3 Qf5 24. Rfd1 Qe4 25. f3 Qxe3+ 26. Kg2 Rd8 27. Bxb4 axb4 28. Rd6 Rxd6 29. exd6 Rxa2 30. Qxa2 Qxc1 31. Qa6 Qe3 32. Kh3 Bd7 33. Qb7 Qxe2 34. Qxd7 Qf1+ 35. Kg4 h5+ 36.
Kg5 Qc1+ 37. Kf6 Qc3+ 38. Ke7 Kg7 39. Qe8 Qf6+ 40. Kd7 c4 41. bxc4 b3 42. Kc7 b2 43.
Qb5 1-0

[Event "Late-Titled-Tuesday-Blitz-June-18-2024"]
[Site "Chess.com"]
[Date "2024.06.18"]
[Round "5"]
[White "VacheH009"]
[Black "Evan_Attaker"]
[Result "0-1"]
[WhiteElo "2535"]
[BlackElo "2751"]
[TimeControl "180+1"]
[EndTime "14:57:50 PDT"]
[Termination "Evan_Attaker won on time"]

1. c4 c5 2. Nc3 b6 3. Nf3 Bb7 4. b3 Nf6 5. Bb2 e6 6. e3 Be7 7.
Be2 d6 8. O-O a6 9. d4 O-O 10.
Qc2 Re8 11. Rfd1 Nbd7 12. Rd2 Qc7 13. Rad1 Rac8 14. dxc5 Nxc5 15. Nd4 Red8 16. Bf3 Bxf3 17. Nxf3 Qb7 18. Qb1 b5 19. cxb5 axb5 20. b4 Nce4 21.
Nxe4 Nxe4 22. Rc2 d5 23. Bd4 Rxc2 24. Qxc2 Bxb4 25. Rb1 Bf8 26. Qd3 Qa6 27. Nd2 Qxa2 28. Nxe4 dxe4 29. Qxb5 Rc8 30. h3 Rc2 31. Rf1 h6 32. Qe5 Qd5 33. Qxd5 exd5 34. Rb1 Rc8 35. Rb5 Rd8 36. Rb7 g6 37. Kf1 Bg7 38. Bxg7 Kxg7 39.
Rb4 Kf6 40. Rb6+ Ke5 41. Rb7 f6 42. g4 h5 43. gxh5 gxh5 44. Rh7 d4 45. Rxh5+ f5 46. exd4+ Rxd4 47. Rh8 Ra4 48. Kg2 Ra2 49. Kg1 Kf4 50.
Rg8 Ra3 51. Kg2 Ra2 52. Kg1 Ra6 53. Rg3 Rh6 54. Kg2 Ke5 55. Re3 f4 56. Rb3 Rg6+ 57.
Kh2 f3 58. Rb2 Kf4 59. h4 Kg4 60. Rb4 Re6 61. h5 Kf4 0-1

[Event "Late-Titled-Tuesday-Blitz-June-18-2024"]
[Site "Chess.com"]
[Date "2024.06.18"]
[Round "5"]
[White "Chessbard1972"]
[Black "ninjatrick"]
[Result "0-1"]
[WhiteElo "2295"]
[BlackElo "2482"]
[TimeControl "180+1"]
[EndTime "14:57:50 PDT"]
[Termination "ninjatrick won by checkmate"]

1. e4 c5 2. d4 cxd4 3. c3 dxc3 4. Nxc3 e6 5. Bf4 Nc6 6. Nf3 a6 7. a4 Nf6 8. e5 Nh5 9. Bg5 Be7 10. Be3 g6 11. Bh6 Bf8 12. Bxf8 Kxf8 13. Bc4 Qe7 14. Qd2 h6 15. g4 Ng7 16. O-O-O Rb8 17. Kb1 Na5 18. Ba2 b5 19. axb5 axb5 20. Ne4 Bb7 21. Rhe1 b4 22. Nd4 b3 23. Qxa5 bxa2+ 24. Ka1 Bxe4 25. Rxe4 Ne8 26. Nb5 Qc5 27. Rb4 Kg7 28.
Rxd7 Qc1+ 29. Kxa2 Qc6 30. Ra7 Qd5+ 31. Rb3 Qxe5 32. f4 Qd5 33. f5 Nd6 34. fxe6 Rxb5 35. Rxf7+ Nxf7 36. Qxb5 Ra8+ 37. Kb1 Qd1# 0-1

[Event "Late-Titled-Tuesday-Blitz-June-18-2024"]
[Site "Chess.com"]
[Date "2024.06.18"]
[Round "5"]
[White "chess94cu"]
[Black "Mysterio47"]
[Result "1/2-1/2"]
[WhiteElo "2631"]
[BlackElo "2840"]
[TimeControl "180+1"]
[EndTime "14:57:51 PDT"]
[Termination "Game drawn by repetition"]

1. d4 d6 2. c4 e5 3. Nc3 Nf6 4. g3 Nbd7 5. Bg2 g6 6. Nf3 Bg7 7. O-O O-O 8. h3 exd4 9. Nxd4 Re8 10. e4 Nc5 11. Re1 h6 12. b3 a5 13. Bb2 Nfd7 14. f4 c6 15. Qd2 h5 16. Rad1 h4 17. g4 Ne6 18. Nf3 g5 19. Ne2 Bxb2 20. Qxb2 gxf4 21.
Rxd6 Qf6 22. Qd2 Ne5 23. Ned4 Nxf3+ 24. Nxf3 Rd8 25. e5 Qe7 26. Rd1 Rxd6 27. exd6 Qf6 28. Qf2 Bd7 29. Qxh4 Qxh4 30. Nxh4 Ng5 31. Nf3 f6 32. Re1 Ne6 33. Nh4 Rd8 34. Nf5 Kf7 35. h4 Bc8 36. Kf2 Nc5 37. Re7+ Kf8 38. Rh7 Kg8 39.
Rg7+ Kf8 40. Rh7 Kg8 41. Rg7+ Kf8 42. Rh7 1/2-1/2

[Event "Late-Titled-Tuesday-Blitz-June-18-2024"]
[Site "Chess.com"]
[Date "2024.06.18"]
[Round "5"]
[White "harshu27"]
[Black "Andrei_Skvortsov"]
[Result "1-0"]
[WhiteElo "2564"]
[BlackElo "2762"]
[TimeControl "180+1"]
[EndTime "14:57:51 PDT"]
[Termination "harshu27 won by resignation"]

1. d4 e6 2. e4 d5 3. Nc3 Nf6 4. e5 Nfd7 5. f4 c5 6. Nf3 Nc6 7. Be3 Rb8 8. Qd2 Qa5 9. Ne2 Qxd2+ 10. Kxd2 cxd4 11. Nexd4 Nxd4 12. Bxd4 Nc5 13. Bd3 a6 14.
Rab1 b5 15. b4 Na4 16. c3 Be7 17. g4 h5 18. Rbg1 hxg4 19. Rxg4 g6 20. h4 Rb7 21.
Rg2 Nb6 22. Rgh2 Rh5 23. Ng5 Nc4+ 24. Kc2 a5 25. Be2 Rh8 26. h5 gxh5 27. Rxh5 Rg8 28.
Rh8 Rf8 29. Rxf8+ Bxf8 30. Rh8 axb4 31. Nh7 bxc3 32. Rxf8+ Kd7 33. Rxf7+ Kc6 34. Rxb7 Bxb7 35. Kxc3 Bc8 36. Ng5 Kd7 37. Nf3 Kc6 38. Nd2 Na5 39.
Kb4 Nc4 40. Nxc4 bxc4 41. a4 Ba6 42. Bg4 Bc8 43. a5 Bd7 44. Bd1 Bc8 45. Ba4+ Kc7 46. Kc5 Bb7 47. Bb5 Bc8 48. a6 Kb8 49. Kb6 1-0

[Event "Late-Titled-Tuesday-Blitz-June-18-2024"]
[Site "Chess.com"]
[Date "2024.06.18"]
[Round "5"]
[White "pompey831"]
[Black "EliteChess0967"]
[Result "1-0"]
[WhiteElo "2523"]
[BlackElo "2387"]
[TimeControl "180+1"]
[EndTime "14:57:51 PDT"]
[Termination "pompey831 won by resignation"]

1. e4 e5 2. Bc4 Nc6 3. d3 Bc5 4.
Nc3 d6 5. f4 exf4 6. Bxf4 Nf6 7. Qd2 O-O 8. O-O-O Be6 9. Bb3 Bxb3 10. axb3 d5 11.
Bg5 dxe4 12. Bxf6 e3 13. Bxd8 exd2+ 14. Kxd2 Raxd8 15. Nf3 Nd4 16. Rhf1 c6 17. Ne4 Nxf3+ 18. Rxf3 Be7 19. g4 f6 20. c3 Rfe8 21. Kc2 Bf8 22. b4 a6 23. Rdf1 Re5 24. Rf5 Rdd5 25. Rxe5 Rxe5 26.
Rf4 h5 27. d4 Rd5 28. h3 hxg4 29. hxg4 Kf7 30. Kd3 Kg6 31. Rf1 f5 32. Ng3 f4 33.
Ne4 a5 34. Rxf4 Be7 35. c4 Rd7 36. bxa5 Bb4 37. Rf5 Rd8 38. Rg5+ Kh6 39. Re5 Ra8 40. Re6+ g6 41. Nd6 Bxd6 42. Rxd6 Rxa5 43. Rd7 Ra7 44.
d5 cxd5 45. Rxd5 Ra2 46. Rb5 1-0

[Event "Late-Titled-Tuesday-Blitz-June-18-2024"]
[Site "Chess.com"]
[Date "2024.06.18"]
[Round "5"]
[White "Bauman_Guy"]
[Black "Msb2"]
[Result "0-1"]
[WhiteElo "2906"]
[BlackElo "3073"]
[TimeControl "180+1"]
[EndTime "14:57:53 PDT"]
[Termination "Msb2 won by resignation"]

1. e4 e6 2. d4 d5 3. Nc3 Nf6 4. e5 Nfd7 5. Nce2 c5 6. c3 Nc6 7.
Nf3 Be7 8. a3 O-O 9. Nf4 Qa5 10.
dxc5 Qc7 11. b4 Ndxe5 12. Nxe5 Qxe5+ 13. Be2 Qxc3+ 14. Bd2 Qf6 15. O-O Rd8 16. Bf3 Nd4 17. Re1 Nxf3+ 18. Qxf3 Bd7 19. Qg3 Bc6 20. Rab1 a6 21.
Nd3 Qg6 22. Qh3 Bf6 23. Nf4 Qc2 24. Rbd1 g6 25. Nxe6 fxe6 26. Qxe6+ Kg7 27. Bh6+ Kxh6 28. Qxf6 Qf5 29. Qh4+ Qh5 30. Qf4+ Qg5 31. Qd4 Re8 32. h4 Qf5 33. Re3 Rxe3 34. Qxe3+ Kg7 35. Rd3 Re8 36. Qg3 Qe5 37. Qg4 h5 38. Qf3 d4 39. Qd1 Qe1+ 40. Qxe1 Rxe1+ 41. Kh2 Re4 42. f3 Rxh4+ 43. Kg3 g5 44.
Kf2 Bb5 45. Rd2 d3 46. Kg1 Rd4 0-1

[Event "Late-Titled-Tuesday-Blitz-June-18-2024"]
[Site "Chess.com"]
[Date "2024.06.18"]
[Round "5"]
[White "lamomiajunior"]
[Black "nihalsarin"]
[Result "0-1"]
[WhiteElo "2692"]
[BlackElo "3191"]
[TimeControl "180+1"]
[EndTime "14:57:54 PDT"]
[Termination "nihalsarin won on time"]

1. d4 Nf6 2. Nc3 d5 3. Bf4 e6 4. Nb5 Na6 5. e3 Be7 6. Nf3 O-O 7. h4 Bd7 8. h5 c5 9. c3 Bxb5 10. Bxb5 Nc7 11. Bd3 Nce8 12. Ne5 Nd6 13. f3 cxd4 14. exd4 Nd7 15. Nxd7 Qxd7 16. Qe2 b5 17. h6 g6 18. O-O a6 19. Rfe1 Rfd8 20. a4 bxa4 21. Bc2 Nc4 22. Bxa4 Qb7 23. b3 Nd6 24. Qe5 Bf8 25. Bg5 Rdc8 26. Rac1 Nf5 27. g4 Nd6 28. Qf4 Ne8 29.
Kg2 Qc7 30. Qe3 Nd6 31. Bf4 Qd8 32. Be5 Ra7 33. Qf4 f5 34. Bg7 Bxg7 35. hxg7 fxg4 36. Rxe6 gxf3+ 37. Kxf3 Rf7 0-1

[Event "Late-Titled-Tuesday-Blitz-June-18-2024"]
[Site "Chess.com"]
[Date "2024.06.18"]
[Round "5"]
[White "Fandorine"]
[Black "lukas_111111"]
[Result "1-0"]
[WhiteElo "2919"]
[BlackElo "2645"]
[TimeControl "180+1"]
[EndTime "14:57:55 PDT"]
[Termination "Fandorine won on time"]

1. c4 g6 2. d4 Bg7 3. Nc3 c5 4. d5 Bxc3+ 5. bxc3 d6 6. e4 e5 7. dxe6 Bxe6 8. Nf3 Nc6 9. Be2 Nf6 10. Bd3 Nd7 11. O-O Nde5 12. Nxe5 Nxe5 13. f4 Nxd3 14. Qxd3 f6 15. f5 Bf7 16. Bf4 O-O 17. Bxd6 Re8 18. Rad1 Qa5 19. fxg6 hxg6 20. Rxf6 Qxa2 21. Rdf1 Qxc4 22.
Rxg6+ Kh7 23. Rxf7+ Qxf7 24. Rg5 Re6 25. Rf5 Qg7 26.
Bf4 Rg6 27. Rh5+ Kg8 28. Qd5+ Kf8 29. Bd6+ Ke8 30. Re5+ Kd8 31. Bxc5+ Qd7 32. h4 Qxd5 33. exd5 Rc8 34. h5 1-0

[Event "Late-Titled-Tuesday-Blitz-June-18-2024"]
[Site "Chess.com"]
[Date "2024.06.18"]
[Round "5"]
[White "fly_21"]
[Black "Mops_2004"]
[Result "0-1"]
[WhiteElo "2584"]
[BlackElo "2818"]
[TimeControl "180+1"]
[EndTime "14:57:55 PDT"]
[Termination "Mops_2004 won on time"]

1. d4 g6 2. c4 Bg7 3. e4 d6 4. Nc3 e5 5. Nf3 Bg4 6. dxe5 dxe5 7. Qxd8+ Kxd8 8. Be3 Nc6 9. Ng5 Nh6 10. h3 Bd7 11.
O-O-O Kc8 12. g4 Nd4 13. Bg2 f6 14. Nf3 Nxf3 15. Bxf3 Nf7 16. Nd5 c6 17. Nc3 Bh6 18. Kd2 Kc7 19. Ke2 Bxe3 20. fxe3 Be6 21. b3 Rad8 22.
Rxd8 Rxd8 23. Rd1 Rxd1 24. Nxd1 b5 25. cxb5 cxb5 26. h4 Kb6 27. Nc3 Kc5 28. Kd3 Nh6 29.
Nd5 Bxg4 30. Bg2 Ng8 31. b4+ Kc6 32. a3 Be6 33. Nc3 h5 34. Bf3 Ne7 35. a4 a6 36.
axb5+ axb5 37. Kd2 Nc8 38. Be2 Nd6 39. Ke1 Bc4 40. Bf3 Kd7 41. Kd2 Ke6 42. Bg2 Kf7 43. Bh3 g5 0-1

[Event "Late-Titled-Tuesday-Blitz-June-18-2024"]
[Site "Chess.com"]
[Date "2024.06.18"]
[Round "5"]
[White "pirulillo"]
[Black "dosto07"]
[Result "1-0"]
[WhiteElo "2409"]
[BlackElo "2601"]
[TimeControl "180+1"]
[EndTime "14:57:56 PDT"]
[Termination "pirulillo won by resignation"]

1. e4 e5 2. Bc4 Nc6 3. d3 Bc5 4. Nc3 d6 5. Na4 Bb6 6. Nxb6 axb6 7. a3 Nf6 8. Ne2 Be6 9. Bg5 Bxc4 10. dxc4 h6 11. Bxf6 Qxf6 12. O-O O-O 13. b3 Qe6 14. Nc3 Nd4 15. Nd5 Rac8 16. f4 exf4 17. Qxd4 Rfe8 18. Rae1 Qe5 19. Qd2 g5 20. g3 Kh8 21.
gxf4 gxf4 22. Qxf4 Rg8+ 23. Kh1 Qxf4 24. Rxf4 Rg7 25.
Nf6 Rd8 26. Ref1 c6 27. Ng4 Re8 28. Nxh6 f5 29. Nxf5 Rh7 30. Rg1 Re6 31. Rfg4 Rf7 32. Rg8+ Kh7 33. R8g7+ Rxg7 34. Rxg7+ Kh8 35. Rg4 b5 36.
Kg2 bxc4 37. bxc4 b5 38. cxb5 cxb5 39. Kf3 Kh7 40. h4 Rf6 41. Kf4 Rf8 42. Rg7+ Kh8 43.
Rb7 Ra8 44. Rxb5 Rxa3 45. Nxd6 Rc3 46. Rb8+ Kg7 47. Rc8 Rh3 48. Nf5+ Kf6 49. c4 Rh1 50. Rc6+ Kf7 51. c5 Rf1+ 52. Ke5 Rd1 53. Rc7+ Kg6 54. c6 Kh5 55. Rd7 Rc1 56. c7 Rc6 57. Nd6 Rc5+ 58. Kd4 1-0